AoeStats
← Iguano Pop

MegaRandom

506286716Analyzed
2v2 RM · 20d ago on Sep 13, 2026· 59m 52s· 4 players
Game mode
Random Map
Map size
Medium (4 player)
Population
200
Speed
Normal
Resources
Standard
Victory
Conquest
Starting age
Dark Age
Ending age
Imperial Age
RankedLock teamsTeams togetherTeam positionsShared explorationLock speedFull tech treeHidden civsTurbo modeCheats
Victory
Defeat
🇨🇱 Hindustanis · Chile
1340
+15
🇨🇱 Dravidians · Chile
1338
+15
🇺🇸 Romans · United States
1337
-15
🇲🇽 Lithuanians · Mexico
1311
-15
SAMOAN SHOTGUN
12:18 Feudal Age
17:34 Castle Age
15:50 Double-Bit Axe
18:45 Bow Saw
39:03 Ballistas
39:37 Wheelbarrow
38:48 Loom
38:49 Town Watch
39:26 Ballistics
47:24 Imperial Age
45:12 Hand Cart
44:59 Town Patrol
46:16 Fortified Wall
47:32 Horse Collar
48:08 Forging
48:05 Scale Barding Armor
47:27 Heavy Scorpion
48:31 Conscription
49:22 Chemistry
54:57 Siege Engineers
Iguano Pop
9:53 Loom
11:38 Feudal Age
17:54 Castle Age
17:28 Padded Archer Armor
18:01 Fletching
18:58 Bodkin Arrow
19:16 Town Watch
21:37 Gold Mining
25:51 Sanctity
29:45 Double-Bit Axe
32:57 Bow Saw
33:24 Wheelbarrow
35:40 Bloodlines
41:15 Imperial Age
40:59 Scale Barding Armor
41:17 Fervor
41:19 Cavalier
42:25 Husbandry
42:47 Chain Barding Armor
44:40 Plate Barding Armor
44:28 Hand Cart
44:44 Conscription
45:08 Forging
47:46 Bracer
49:25 Scale Mail Armor
48:51 Elite Skirmisher
49:36 Light Cavalry
50:52 Iron Casting
49:44 Pikeman
51:56 Leather Archer Armor
54:30 Halberdier
55:14 Squires
55:36 Paladin
chillboogie
10:15 Feudal Age
11:04 Double-Bit Axe
17:10 Castle Age
15:50 Double-Bit Axe
16:40 Fletching
16:59 Horse Collar
17:58 Bodkin Arrow
18:11 Crossbowman
21:36 Loom
27:55 Bow Saw
32:28 Ballistics
35:02 Wheelbarrow
35:29 Scale Barding Armor
35:52 Heavy Plow
36:12 Hand Cart
37:16 Padded Archer Armor
39:44 Gold Mining
41:43 Thumb Ring
46:33 Imperial Age
45:19 Leather Archer Armor
46:46 Siege Elephant
47:50 Bracer
49:09 Elite Elephant Archer
52:18 Caravan
54:24 Chemistry
54:01 Ring Archer Armor
56:32 Bombard Tower
59:27 Chain Barding Armor
Tecno
11:16 Feudal Age
15:25 Castle Age
13:22 Gold Mining
13:21 Double-Bit Axe
14:19 Horse Collar
16:23 Scale Barding Armor
16:58 Bloodlines
18:43 Loom
22:19 Husbandry
24:21 Wheelbarrow
24:11 Chain Barding Armor
23:48 Fletching
26:23 Forging
28:28 Iron Casting
33:43 Bow Saw
35:18 Hand Cart
40:13 Imperial Age
40:26 Gold Mining
42:05 Plate Barding Armor
40:56 Heavy Camel Rider
43:09 Blast Furnace
43:44 Imperial Camel Rider
46:18 Town Watch
47:11 Caravan
52:33 Gold Shaft Mining
55:25 Light Cavalry
56:21 Town Patrol
58:47 Hussar
Connection lost

Rejoining the realm…

Still unreachable

The connection could not be restored.

Session expired

The server has moved on; the page needs a fresh start.